 Dungeon Crawl Stone Soup version 0.31-a0-1272-g9f703e4c1d (webtiles) character file.

Game seed: 5616528320642356852

5499 MacCMillion the Cleaver (level 10, -12/91 HPs)
             Began as a Minotaur Fighter on Dec 17, 2023.
             Was a Believer of Okawaru.
             Mangled by Gastronok (29 damage)
             ... on level 8 of the Dungeon.
             The game lasted 00:14:19 (9050 turns).

MacCMillion the Cleaver (Minotaur Fighter)          Turns: 9050, Time: 00:14:20

Health: -12/91     AC: 20    Str: 24    XL:     10   Next: 42%
Magic:  12/12      EV:  7    Int:  5    God:    Okawaru [**....]
Gold:   517        SH:  4    Dex: 11    Spells: 9/9 levels left

rFire   . . .        a - +0 war axe
rCold   . . .        c - +0 buckler
rNeg    . . .        H - +0 plate armour
rPois   +            (helmet restricted)
rElec   .            (no cloak)
rCorr   .            n - +1 pair of gloves
SInv    .            E - +2 pair of boots
Will    .....        (no amulet) Stlth
                     D - ring of poison resistance
HPRegen 0.35/turn    (no ring)
MPRegen 0.13/turn

%: no passive effects
@: no status effects
A: horns 2, retaliatory headbutt
a: Renounce Religion, Heroism


You were on level 8 of the Dungeon.
You worshipped Okawaru.
Okawaru was pleased with you.
You visited 2 branches of the dungeon, and saw 9 of its levels.

You collected 517 gold pieces.

Inventory:

Hand Weapons
 a - a +0 war axe (weapon)
 p - a +1 vampiric hand axe
Missiles
 b - a curare-tipped dart
 j - 17 poisoned darts
 w - 2 boomerangs
Armour
 c - a +0 buckler (worn)
 n - a +1 pair of gloves (worn)
 E - a +2 pair of boots (worn)
 H - a +0 plate armour (worn)
Jewellery
 D - a ring of poison resistance (left hand)
Wands
 o - a wand of flame (24)
 t - a wand of digging (11)
 B - a wand of quicksilver (1)
Scrolls
 e - 2 scrolls of torment {unknown}
 f - 2 scrolls of noise {unknown}
 g - 3 scrolls of immolation {unknown}
 i - 5 scrolls of teleportation
 k - a scroll of brand weapon {unknown}
 l - a scroll of butterflies {unknown}
 m - a scroll of enchant weapon {unknown}
 q - a scroll of blinking {unknown}
 u - a scroll of revelation {unknown}
 v - 2 scrolls of enchant armour {unknown}
 x - 2 scrolls of fog {unknown}
 y - a scroll of silence {unknown}
Potions
 d - 2 potions of might
 r - a potion of berserk rage
 s - 2 potions of heal wounds
 z - 2 potions of mutation
 A - a potion of lignification {unknown}
 C - 2 potions of invisibility
 F - a potion of cancellation {unknown}
 G - a potion of degeneration {unknown}


   Skills:
 + Level 9.5 Fighting
 + Level 13.0 Axes
 + Level 9.5 Armour
 - Level 4.0 Shields
 + Level 4.0 Invocations


You had 9 spell levels left.
You didn't know any spells.
Your spell library contained the following spells:

 Spells                   Type           Power      Damage    Failure   Level
 Magic Dart               Conj           0%         1d3       100%        1
 Sandblast                Erth           0%         2d4       100%        1
 Cigotuvi's Dreadful Rot  Necr/Pois/Air  0%         N/A       100%        2
 Passwall                 Tmut/Erth      0%         N/A       100%        2
 Searing Ray              Conj           0%         2d4       100%        2
 Ignite Poison            Fire/Tmut/Pois 0%         N/A       100%        3
 Stone Arrow              Conj/Erth      0%         3d7       100%        3
 Volatile Blastmotes      Fire/Tloc      0%         2d10      100%        3
 Brom's Barrelling Bould  Conj/Erth      0%         2d3       100%        4
 Fulminant Prism          Conj/Hex       0%         3d5       100%        4
 Iskenderun's Mystic Bla  Conj/Tloc      0%         2d3       100%        4
 Passage of Golubria      Tloc           0%         N/A       100%        4
 Sticky Flame             Conj/Fire      0%         2d3       100%        4
 Freezing Cloud           Conj/Ice/Air   0%         6-21      100%        5
 Yara's Violent Unravell  Hex/Tmut       0%         3d3       100%        5
 Ignition                 Fire           0%         3d3       100%        8
 Tukima's Dance           Hex            Unusable   N/A       N/A         3

Dungeon Overview and Level Annotations

Branches:
Dungeon (8/15)             Temple (1/1) D:7
   Lair: D:8-11

Altars:
Ashenzari
Cheibriados
Dithmenos
Elyvilon
Fedhas
Gozag
Hepliaklqana
Kikubaaqudgha
Makhleb
Nemelex Xobeh
Okawaru
Qazlal
Ru
Sif Muna
Trog
Uskayaw
Vehumet
Wu Jian
Xom
Yredelemnul
Zin
Lugonu

Shops:
D:7 *

Annotations:
D:2 Sigmund
D:6 Jeremiah
D:8 Gastronok


Innate Abilities, Weirdness & Mutations

You have a pair of horns on your head.
You reflexively headbutt those who attack you in melee.


Message History

Gastronok puts on a burst of speed!
Gastronok is nearby!
Gastronok is nearby!
You start waiting.
Gastronok is nearby!
Gastronok waves his eye-stalks in wide circles.
The air twists around and strikes you!!
You hit Gastronok. You headbutt Gastronok.
Gastronok is lightly wounded.
You slash Gastronok!
Gastronok is lightly wounded.
Gastronok bites you!
You slash Gastronok!
Gastronok is lightly wounded.
You hit Gastronok but do no damage.
Gastronok is lightly wounded.
You slash Gastronok!
Gastronok is moderately wounded.
Gastronok bites you!!
You hit Gastronok. You headbutt Gastronok.
Gastronok is moderately wounded.
You slash Gastronok! You headbutt Gastronok!
Gastronok is heavily wounded.
Gastronok bites you!
You slash Gastronok!
Gastronok is heavily wounded.
You slash Gastronok!
You headbutt Gastronok, but do no damage.
Gastronok is severely wounded.
Gastronok bites you!
* * * LOW HITPOINT WARNING * * *
You slash Gastronok!
Gastronok is severely wounded.
You completely miss Gastronok.
Gastronok is severely wounded.
You slash Gastronok! You headbutt Gastronok.
Gastronok is severely wounded.
Gastronok bites you!!
You die...
Gastronok gurgles, "About time.
I'm starving!"

#..# .z.z..z..#
w# ########## .#
.# # #.## . ... #
##w# #########@.#
...........#
#########..# #..#
#####..#
####...#..#######
#................
..##......)....^.
##.#..####.##.


You could see Gastronok (swift).

Vanquished Creatures
  A boulder beetle (D:7)
  Maggie (D:7)
  5 yaks (D:6)
  A wraith (D:7)
  Eustachio (D:6)
  A steam dragon (D:8)
  Edmund (D:5)
  3 orc warriors (D:7)
  A water moccasin (D:5)
  2 sky beasts
  A black bear (D:5)
  An ice beast (D:6)
  2 ogres
  2 centaurs
  2 kobold brigands
  6 bullfrogs
  A scorpion (D:6)
  4 wights
  9 killer bees
  2 jellies
  7 orc priests
  5 hounds
  3 iron imps (D:3)
  Ijyb (D:3)
  2 orc wizards (D:5)
  6 sleepcaps
  3 iguanas
  Robin (D:3)
  7 gnolls (D:4)
  7 adders
  A shadow imp (D:7)
  A white imp (D:5)
  2 worms
  4 dart slugs
  26 orcs
  6 bats
  7 endoplasms
  3 giant cockroaches
  14 goblins
  10 hobgoblins
  8 jackals
  3 quokkas
  12 ball pythons
  3 frilled lizards (D:1)
  15 kobolds
  5 rats (D:2)
209 creatures vanquished.

Notes
Turn   | Place    | Note
-------+----------+-------------------------------------------
     0 | D:1      | MacCMillion the Minotaur Fighter began the quest for the
                  | Orb.
     0 | D:1      | Reached XP level 1. HP: 19/19 MP: 0/0
   194 | D:1      | Reached skill level 3 in Axes
   194 | D:1      | Reached XP level 2. HP: 25/26 MP: 1/1
   720 | D:1      | Reached skill level 4 in Axes
   736 | D:1      | Reached XP level 3. HP: 31/31 MP: 2/2
  1140 | D:2      | Noticed Sigmund
  1153 | D:2      | Reached skill level 5 in Axes
  1153 | D:2      | Reached XP level 4. HP: 28/39 MP: 3/3
  1339 | D:3      | Noticed Ijyb
  1352 | D:3      | Killed Ijyb
  1600 | D:3      | Reached skill level 6 in Axes
  1716 | D:3      | Reached XP level 5. HP: 45/45 MP: 4/4
  1723 | D:3      | Noticed Robin
  1747 | D:3      | Killed Robin
  1777 | D:3      | Found a glowing silver altar of Zin.
  2057 | D:3      | Found a burning altar of Makhleb.
  2086 | D:3      | Reached skill level 7 in Axes
  2415 | D:4      | Identified the +0 robe of the Blind Marksman {rF+}
  2435 | D:4      | Reached XP level 6. HP: 51/51 MP: 5/5
  2735 | D:4      | Reached skill level 8 in Axes
  3346 | D:5      | Entered Level 5 of the Dungeon
  3459 | D:5      | Reached skill level 9 in Axes
  3494 | D:5      | Reached XP level 7. HP: 57/57 MP: 6/6
  3542 | D:5      | Found a white marble altar of Elyvilon.
  3549 | D:5      | Found a radiant altar of Vehumet.
  3554 | D:5      | Found a shimmering altar of Xom.
  3555 | D:5      | Found a snail-covered altar of Cheibriados.
  3555 | D:5      | Found a shadowy altar of Dithmenos.
  3556 | D:5      | Found a sacrificial altar of Ru.
  3558 | D:5      | Found an opulent altar of Gozag.
  3560 | D:5      | Found an iron altar of Okawaru.
  3574 | D:5      | Noticed Edmund
  3591 | D:5      | Killed Edmund
  3859 | D:5      | Reached skill level 10 in Axes
  4064 | D:5      | Identified the +3 robe "Honus" {Str+8 Dex-5 SInv}
  4339 | D:5      | Reached XP level 8. HP: 59/67 MP: 7/7
  4500 | D:6      | Noticed Jeremiah
  4986 | D:6      | Reached skill level 5 in Fighting
  4986 | D:6      | Reached skill level 5 in Armour
  5005 | D:6      | Reached skill level 11 in Axes
  5210 | D:6      | Reached XP level 9. HP: 78/78 MP: 8/8
  5893 | D:6      | Found a sparkling altar of Nemelex Xobeh.
  6197 | D:6      | Noticed Eustachio
  6224 | D:6      | Killed Eustachio
  6271 | D:6      | Identified the +4 robe of Existentialism {*Corrode rPois
                  | Regen+ Str+3}
  6487 | D:6      | Reached skill level 12 in Axes
  6817 | D:7      | Found a staircase to the Ecumenical Temple.
  6830 | Temple   | Entered the Ecumenical Temple
  6994 | D:5      | Became a worshipper of Warmaster Okawaru
  7031 | D:7      | Found a basalt altar of Yredelemnul.
  7032 | D:7      | Noticed Maggie
  7052 | D:7      | Killed Maggie
  7053 | D:7      | Reached skill level 1 in Invocations
  7336 | D:7      | Found Cipreacs's Island Escapes.
  7376 | D:7      | Noticed a boulder beetle
  7682 | D:7      | Reached * piety under Okawaru
  7696 | D:7      | Reached XP level 10. HP: 69/90 MP: 10/10
  7848 | D:7      | Killed a boulder beetle
  8390 | D:7      | Reached ** piety under Okawaru
  8560 | D:8      | Reached skill level 13 in Axes
  9029 | D:8      | Noticed Gastronok
  9050 | D:8      | Mangled by Gastronok

Illustrated notes

Levels and vault maps discovered:
D:1:      amcnicky_arrival_abandoned_market, layout_loops_ring,
          minmay_shallow_snake_nest
D:2:      layout_basic, uniq_sigmund
D:3:      layout_rooms, mainiacjoe_overflow_six_doors_small, demons_altar,
          uniq_robin, uniq_ijyb
D:4:      wander_river, layout_loops_ring
D:5:      layout_basic, minitemple, st_stairs_6, uniq_edmund
D:6:      layout_basic, nemelex_diamond_rough_becter, hangedman_decor_opposing,
          ebering_dispersal_statue_hall, uniq_eustachio, uniq_jeremiah
D:7:      cheibrodos_barr_body, layout_rooms, nicolae_overflow_crystal_walls,
          minmay_temple_entry_glass, nicolae_island_escapes, uniq_maggie
D:8:      layout_loops_ring, uniq_prince_ribbit1, uniq_gastronok
Temple:   corrupted_temple

Skill      XL: |  1  2  3  4  5  6  7  8  9 10 |
---------------+-------------------------------+-----
Axes           | 3 4 5 6 7 9 10 11 12 13 | 13.0
Shields        | 4 |  4.0
Fighting       | 4 6 8 9 |  9.5
Armour         | 4 6 8 9 |  9.5
Invocations    | 2 4 |  4.0

Action                     |  1- 3 |  4- 6 |  7- 9 | 10-12 || total
---------------------------+-------+-------+-------+-------++-------
  Melee: War axe           |    89 |    44 |    25 |   138 ||   296
         Headbutt          |    10 |    30 |    75 |    37 ||   152
         Hand axe          |       |   149 |   308 |       ||   457
    Use: Potion            |       |       |     2 |       ||     2
         Scroll            |       |       |       |     5 ||     5
 Armour: Scale mail        |    61 |   128 |    80 |       ||   269
         Chain mail        |       |       |   110 |       ||   110
         Plate armour      |       |       |       |   128 ||   128
  Dodge: Dodged            |    38 |    52 |    94 |    33 ||   217
  Block: Buckler           |    17 |    34 |    49 |    18 ||   118

Table legend: (Time is in decaauts)
 A = Elapsed time spent in this place.
 B = Non-inter-level travel time spent in this place.
 C = Inter-level travel time spent in this place.
 D = Time resting spent in this place.
 E = Time spent auto-exploring this place.
 F = Levels seen in this place.
 G = Mean time per level.
                   A        B        C        D        E       F      G
               +--------+--------+--------+--------+--------+-----+--------+
         Total |   9026 |   8550 |    476 |   2525 |   4195 |   9 | 1002.9 |
       Dungeon |   8944 |   8480 |    464 |   2499 |   4195 |   8 | 1118.0 |
        Temple |     82 |     71 |     11 |     26 |      0 |   1 |   82.0 |
               +--------+--------+--------+--------+--------+-----+--------+

Top non-repeatable levels by time:
     D:6: 1797 daAuts
     D:7: 1578 daAuts
     D:5: 1543 daAuts
     D:3: 1145 daAuts
     D:4: 1108 daAuts
     D:1: 790 daAuts
     D:2: 502 daAuts
     D:8: 478 daAuts
  Temple: 82 daAuts
